details: 'OhGodTowerRush'

« prev index next »

General information

Mini Map

Players

team 1
Humanitsmylasthope- (blue | 95 APM | 291 actions | 03:02)

» actions
Assign group hotkey20
Build / train26
Enter build submenu6
Right click124
Select / deselect59
Select group hotkey14
Use ability42
291 total
» units
Peasant7
7 total
» buildings
Lumber Mill1
Scout Tower4
Guard Tower19
Farm1
25 total
» build order
00:18 Lumber Mill
00:58 Scout Tower
00:59 Scout Tower
01:02 Scout Tower
01:06 Scout Tower
01:25 Guard Tower
01:25 Guard Tower
01:26 Guard Tower
01:26 Guard Tower
01:26 Guard Tower
01:27 Guard Tower
01:27 Guard Tower
01:27 Guard Tower
01:51 Guard Tower
01:51 Guard Tower
01:51 Guard Tower
01:52 Guard Tower
01:52 Guard Tower
02:36 Farm
team 2
NightElfDexanth (yellow | 88 APM | 273 actions | 03:07)
Hero icon 1 Pandaren Brewmaster
Ability icon 1 Breath of Fire

» actions
Assign group hotkey6
Build / train14
Enter build submenu7
Enter hero's abilities submenu1
Right click176
Select / deselect55
Select group hotkey3
Use ability11
273 total
» units
Wisp7
Archer5
12 total
» buildings
Moon Well2
Ancient of War3
Altar of Elders1
6 total
» build order
00:18 Moon Well
00:32 Ancient of War
00:40 Altar of Elders
01:11 Ancient of War
01:14 Ancient of War
01:54 Moon Well